Map: Battle on the Boardwalk LE

Players

LiquidSnute (Snute) - Winner!

  • Race: Zerg Zerg
  • League: Master
  • Spawn Location: 1:00

Zanster

  • Race: Zerg Zerg
  • League: Master
  • Spawn Location: 11:00

Event: HomeStory Cup XVI

VOD

Have the link to the VOD?

Description

Time

  • Played on: Nov. 9, 2017, 11:55 a.m.
  • Length: 8:09

All games in this series

Show
View Real Time Build Order
Export as new Build Order

LiquidSnute Zerg - Winner!

Build Orders: Hatch First 

Get SALT Encoding   

  12  0:00  Drone  
  13  0:12  Overlord  
  13  0:17  Drone  
  14  0:30  Drone x2  
  14  0:34  Drone  
  17  0:52  Hatchery  
  17  0:55  Drone  
  17  0:58  Drone  
  17  1:00  Extractor  
  17  1:14  Spawning Pool  
  17  1:17  Drone  
  17  1:20  Drone  
  18  1:28  Drone  
  19  1:38  Overlord  
  19  1:49  Drone  
  20  2:01  Queen, Metabolic Boost  
  22  2:04  Queen  
  22  2:06  Drone  
  25  2:11  Drone  
  25  2:13  Drone  
  25  2:15  Drone  
  28  2:21  Drone  
  29  2:26  Drone  
  30  2:32  Zergling x2  
  30  2:37  Zergling x2  
  32  2:44  Zergling x2  
  32  2:47  Overlord, Hatchery  
  32  2:53  Queen  
  32  2:56  Drone  
  35  2:59  Drone  
  36  3:06  Overlord  
  36  3:09  Zergling x8  
  40  3:13  Drone  
  40  3:16  Overlord  
  40  3:18  Drone  
  42  3:21  Drone  
  42  3:23  Drone  
  44  3:28  Drone  
  44  3:33  Drone  
  46  3:41  Roach Warren  
  45  3:42  Drone x4  
  45  3:47  Drone x2  
  48  3:49  Drone x2  
  48  3:52  Drone  
  51  4:00  Drone x2  
  52  4:03  Lair  
  52  4:06  Extractor  
  52  4:08  Zergling x2  
  52  4:09  Zergling x2  
  50  4:10  Zergling x2  
  50  4:14  Extractor  
  50  4:15  Zergling x6  
  50  4:16  Evolution Chamber  
  52  4:17  Drone  
  52  4:23  Drone  
  54  4:24  Drone  
  54  4:25  Drone  
  56  4:31  Drone  
  56  4:34  Drone x2  
  56  4:35  Drone  
  56  4:37  Drone x2  
  60  4:43  Drone x4  
  60  4:45  Zerg Missile Weapons Level 1  
  64  4:48  Drone x2  
  64  4:52  Overlord  
  66  4:56  Overlord x2  
  66  4:59  Overlord  
  65  5:02  Glial Reconstitution  
  65  5:04  Extractor, Drone  
  65  5:12  Queen  
  65  5:17  Roach  
  65  5:18  Roach x7  
  81  5:22  Roach  
  81  5:23  Roach  
  85  5:29  Roach x2  
  85  5:35  Roach x2  
  93  5:38  Roach x2  
  93  5:40  Overlord x2  
  97  5:44  Overlord  
  97  5:50  Overlord  
  97  5:58  Overlord x2  
  97  6:00  Roach x4  
  97  6:01  Roach x3  
  110  6:05  Roach x2  
  110  6:08  Roach  
  115  6:12  Roach  
  115  6:13  Roach  
  118  6:18  Roach  
  118  6:21  Roach x5  
  118  6:23  Roach  
  118  6:24  Roach  
  134  6:26  Overlord  
  134  6:28  Roach  
  134  6:31  Extractor  
  134  6:32  Roach x2  
  139  6:35  Roach  
  139  6:36  Drone  
  139  6:37  Overlord  
  142  6:45  Drone  
  142  6:46  Drone  
  144  6:48  Drone x3  
  147  6:56  Drone x6  
  141  7:02  Drone x3  
  141  7:06  Roach  
  141  7:08  Ravager  
  131  7:12  Roach  
  131  7:14  Roach  
  125  7:16  Roach  
  125  7:20  Roach x7  
  133  7:28  Roach  
Show
View Real Time Build Order
Export as new Build Order

Zanster Zerg 

Build Orders: Hatch First 

Get SALT Encoding   

  12  0:01  Drone  
  13  0:12  Overlord  
  13  0:17  Drone  
  14  0:32  Drone x2  
  14  0:35  Drone  
  17  0:52  Hatchery  
  17  0:55  Drone  
  17  0:58  Drone  
  18  1:09  Extractor  
  17  1:14  Spawning Pool  
  17  1:16  Drone  
  17  1:20  Drone  
  18  1:29  Drone  
  19  1:39  Drone  
  20  1:50  Overlord  
  20  2:01  Queen  
  20  2:03  Queen  
  20  2:05  Zergling x4  
  26  2:09  Metabolic Boost  
  26  2:13  Drone  
  26  2:15  Drone  
  28  2:22  Drone  
  29  2:25  Drone  
  30  2:35  Hatchery  
  30  2:36  Drone  
  30  2:43  Queen  
  32  2:45  Drone  
  32  2:48  Drone  
  34  2:54  Overlord  
  34  2:57  Zergling x2  
  33  2:58  Zergling x2  
  33  3:05  Drone  
  35  3:11  Queen  
  37  3:13  Zergling x4  
  37  3:14  Drone  
  37  3:15  Drone  
  37  3:16  Drone  
  37  3:19  Overlord  
  42  3:26  Drone x2  
  44  3:34  Overlord  
  44  3:40  Drone x4  
  47  3:46  Zergling x10  
  49  3:57  Roach Warren  
  49  3:59  Drone x3  
  49  4:07  Drone x3  
  51  4:10  Drone  
  51  4:14  Overlord  
  51  4:16  Drone  
  53  4:20  Drone  
  54  4:27  Drone x2  
  56  4:32  Zergling x4  
  56  4:33  Zergling x6  
  57  4:40  Lair  
  57  4:42  Drone  
  57  4:43  Drone x4  
  57  4:44  Evolution Chamber  
  60  4:47  Drone  
  60  4:49  Extractor  
  60  4:51  Extractor, Drone x2  
  60  4:52  Overlord  
  61  4:53  Drone  
  61  4:54  Drone  
  61  4:55  Drone  
  61  4:59  Drone  
  65  5:00  Drone  
  65  5:01  Drone x2  
  65  5:06  Overlord  
  68  5:08  Drone  
  68  5:11  Drone  
  69  5:21  Drone x4  
  67  5:22  Drone  
  67  5:27  Zerg Missile Weapons Level 1  
  71  5:29  Extractor, Drone  
  71  5:30  Drone x7  
  78  5:36  Extractor x2, Overlord  
  78  5:38  Glial Reconstitution  
  78  5:41  Roach  
  78  5:42  Roach  
  80  5:45  Roach x3  
  80  5:47  Roach x2  
  89  5:53  Spine Crawler  
  89  5:54  Roach, Spine Crawler  
  89  5:55  Spine Crawler  
  90  5:58  Roach  
  90  5:59  Roach x3  
  90  6:03  Overlord  
  98  6:06  Overlord x2  
  97  6:12  Overlord  
  97  6:15  Roach  
  97  6:16  Roach  
  97  6:18  Overlord  
  98  6:20  Spine Crawler, Overseer  
  98  6:22  Spine Crawler  
  96  6:26  Roach x5  
  106  6:34  Roach x4  
  106  6:35  Roach  
  106  6:39  Roach x2  
  120  6:44  Overlord  
  120  6:47  Roach x3  
  122  6:53  Roach  
  122  6:54  Roach x3  
  134  6:58  Roach x2  
  118  7:02  Roach x2  
  118  7:06  Roach  
  118  7:07  Roach x2  
  110  7:11  Roach x2  
  96  7:16  Roach x2  
  96  7:20  Roach x2  
  96  7:23  Roach x2  
  96  7:27  Roach  
  96  7:28  Roach  
  86  7:30  Roach  
  86  7:31  Roach  
Tags
 
Add a new tag
Caveats
  • Supply blocks, unpowered buildings, or Contaminate may cause inaccurate times.
  • Supply counts are checked every 10 seconds.